 Dungeon Crawl Stone Soup version bcrawl-1.14 (webtiles) character file.

Game seed: 220267246318842399

1 MisterOstroum the Cudgeler (level 1, 0/22 HPs)
             Began as a Troll Chaos Knight on Sept 6, 2019.
             Was a Plaything of Xom.
             Slain by a hobgoblin
             ... wielding a +0 club
              (7 damage)
             ... on level 1 of the Dungeon.
             The game lasted 00:00:23 (143 turns).

MisterOstroum the Cudgeler (Troll Chaos Knight)      Turns: 143, Time: 00:00:23

Health: 0/22       AC:  4    Str: 19    XL:     1   Next: 16%
Magic:  0/0        EV: 10    Int:  9    God:    Xom [..*...]
Gold:   12         SH:  0    Dex:  9    Spells: 0/0 levels left

rFire    . . .     SeeInvis .   a - +0 mace (chaos)
rCold    . . .     Gourm    +   (no shield)
rNeg     . . .     Faith    .   (armour unavailable)
rPois    .         Spirit   .   (helmet restricted)
rElec    .         Reflect  .   (no cloak)
rCorr    .         Harm     .   (gloves unavailable)
MR       .....                  (boots unavailable)
Stlth    +.........             (no amulet)
HPRegen  0.07/turn              (no ring)
MPRegen  0.07/turn              (no ring)

@: no status effects
A: large, almost no armour, unfitting armour, claws 3, fast metabolism 3,
gourmand, AC +4
a: Renounce Religion


You were on level 1 of the Dungeon.
You worshipped Xom.
You were a toy of Xom.
You were full.

You visited 1 branch of the dungeon, and saw 1 of its levels.

You collected 12 gold pieces.

Inventory:

Hand Weapons
 a - a +0 mace of chaos (weapon)
Scrolls
 c - a scroll of enchant weapon {unknown}
Potions
 b - a potion of heal wounds {unknown}
Comestibles
 e - 3 rations {!d}


   Skills:
 - Level 2.4 Fighting
 - Level 3.0 Maces & Flails
 - Level 1.9 Dodging
 + Level 0.4 Unarmed Combat


You couldn't memorise any spells.
You didn't know any spells.
Your spell library was empty.

Dungeon Overview and Level Annotations

Branches:
Dungeon (1/12)

Altars:


Innate Abilities, Weirdness & Mutations

You cannot wear most types of armour.
Your thick skin is tough. (AC +4)
You are too large for most types of armour.
You have claws for hands.
Your metabolism is lightning-fast.
You like to eat raw meat.


Message History

Press ? for a list of commands and other information.
Found a smoky white potion.
Found a staircase leading out of the dungeon.
Unknown command.
b - a smoky white potion You open the large door.
There is a large open door here.
e - 3 rations {!d} (gained 1)
You now have 12 gold pieces.
A goblin comes into view. It is wielding a +0 club.
The goblin shouts!
The goblin moves out of view.
The goblin is too close now for your liking.
A goblin is nearby!
A goblin is nearby!
The goblin hits you but does no damage.
You hit the goblin.
You kill the goblin!
No target in view!
No target in view!
No target in view!
No target in view!
No target in view!
No target in view!
No target in view!
No target in view!
No target in view!
No target in view!
No target in view!
No target in view!
Things that are here:
a +0 club; a goblin corpse You butcher the goblin corpse.
c - 3 chunks of flesh
Things that are here:
a +0 club; a goblin skeleton
Things that are here:
a +0 club; a goblin skeleton Eating one of 3 chunks of flesh.
You eat one of the 3 chunks of flesh.
This raw flesh tastes great.
Eating one of 2 chunks of flesh.
You eat one of the 2 chunks of flesh.
This raw flesh tastes great.
Eating a chunk of flesh.
You eat the chunk of flesh.
This raw flesh tastes great.
A kobold comes into view. It is wielding a +3 short sword.
The kobold shouts!
A kobold is nearby!
The kobold hits you with a +3 short sword.
You miss the kobold. The kobold hits you but does no damage.
You hit the kobold.
You kill the kobold!
No target in view!
No target in view!
No target in view!
No target in view!
No target in view!
No target in view!
No target in view!
No target in view!
No target in view!
No target in view!
No target in view!
No target in view!
No target in view!
HP restored.
You see here a +3 short sword.
You open the door.
There is an open door here.
c - a scroll labeled XEMADU BAALU You open the door.
There is an open door here.
A hobgoblin comes into view. It is wielding a +0 club.
The hobgoblin shouts!
The hobgoblin moves out of view.
The hobgoblin is too close now for your liking.
A hobgoblin is nearby!
A hobgoblin is nearby!
The hobgoblin barely misses you.
You closely miss the hobgoblin. The hobgoblin closely misses you.
You hit the hobgoblin.
The hobgoblin is moderately wounded.
The hobgoblin hits you with a +0 club.
The hobgoblin hits you but does no damage.
You barely miss the hobgoblin. The hobgoblin hits you with a +0 club.
You barely miss the hobgoblin. The hobgoblin hits you with a +0 club.
You hit the hobgoblin but do no damage.
The hobgoblin goes berserk!
Xom is highly amused!
The hobgoblin hits you with a +0 club. x2
You are too injured to fight recklessly!
You are too injured to fight recklessly!
You are too injured to fight recklessly!
You are too injured to fight recklessly!
You are too injured to fight recklessly!
You are too injured to fight recklessly!
You are too injured to fight recklessly!
You are too injured to fight recklessly!
You are too injured to fight recklessly!
The hobgoblin rages.
You closely miss the hobgoblin. The hobgoblin hits you with a +0 club!
You die...

≈§§ ####≈§§§§#.....#.# #
§§##.####.# # #. #.#
##+## #.### #...###....
#....###### ########
####.....## #
##......####.........####
........@..'.........'...
.......g####.......≈≈≈≈≈≈
........# ##......≈#≈≈≈≈
......... ##.....≈#≈###
........#. ##...#≈#≈≈ ≈
.......##.# ##+##≈≈≈≈≈≈
#.....# # ###.### ##...#
#.# ####


You could see a hobgoblin (berserk).

Vanquished Creatures
  A goblin (D:1)
  A kobold (D:1)
2 creatures vanquished.

Notes
Turn   | Place    | Note
-------+----------+-------------------------------------------
     0 | D:1      | MisterOstroum the Troll Chaos Knight began the quest for
                  | the Orb.
     0 | D:1      | Reached XP level 1. HP: 22/22 MP: 0/0
   143 | D:1      | Slain by a hobgoblin

Action                   || total
-------------------------++-------
Melee: Mace              ||     9
  Eat: Chunk             ||     3
Armor: Skin              ||     2
Dodge: Dodged            ||     2
